 Dungeon Crawl Stone Soup version 0.31.0-32-g396128a36d (webtiles) character file.

Game seed: 10541477970894688640

1914 PaiMei the Grave Robber (level 8, -2/49 HPs)
             Began as a Demonspawn Necromancer on Mar 26, 2024.
             Slain by a wyvern zombie (7 damage)
             ... on level 6 of the Dungeon.
             The game lasted 00:09:56 (6586 turns).

PaiMei the Grave Robber (Demonspawn Necromancer)    Turns: 6586, Time: 00:09:57

Health: -2/49      AC:  9    Str:  9    XL:     8   Next: 95%
Magic:  4/16       EV: 13    Int: 18    God:
Gold:   268        SH:  0    Dex: 13    Spells: 14/18 levels left

rFire   . . .        h - +2 dagger (pain)
rCold   + . .        (no shield)
rNeg    . . .        A - +2 leather armour {rC+}
rPois   .            x - +0 helmet
rElec   .            m - +0 cloak
rCorr   .            (gloves unavailable)
SInv    .            d - +1 pair of boots
Will    .....        (no amulet)
Stlth   ++           (no ring)
HPRegen 1.08/turn    (no ring)
MPRegen 0.30/turn

%: no passive effects
@: no status effects
A: claws 3, magic regeneration, weakness stinger 1, frail 2, regeneration 1,
evolution 1
a: no special abilities


You were on level 6 of the Dungeon.
You visited 2 branches of the dungeon, and saw 7 of its levels.

You collected 268 gold pieces.

Inventory:

Hand Weapons
 h - a +2 dagger of pain (weapon)
 t - a +2 dagger of draining
Missiles
 e - 4 curare-tipped darts (quivered)
Armour
 d - a +1 pair of boots (worn)
 m - a +0 cloak (worn)
 x - a +0 helmet (worn)
 A - a +2 leather armour of cold resistance (worn)
Jewellery
 l - a ring of flight
Wands
 i - a wand of digging (1)
 r - a wand of polymorph (9)
 z - a wand of quicksilver (8)
Scrolls
 a - 2 scrolls of teleportation {unknown}
 c - 5 scrolls of identify
 f - a scroll of immolation {unknown}
 g - 2 scrolls of fog {unknown}
 k - a scroll of brand weapon {unknown}
 o - a scroll of vulnerability {unknown}
 w - 2 scrolls of summoning {unknown}
 y - 3 scrolls of amnesia
Potions
 b - a potion of magic
 j - 2 potions of enlightenment {unknown}
 n - 2 potions of mutation
 p - a potion of attraction {unknown}
 q - 2 potions of curing
 s - 2 potions of berserk rage {unknown}
 u - a potion of haste {unknown}
 v - a potion of resistance {unknown}


   Skills:
 + Level 5.3 Fighting
 + Level 5.6 Dodging
 - Level 2.3 Stealth
 + Level 5.6 Spellcasting
 + Level 7.7 Necromancy


You had 14 spell levels left.
You knew the following spells:

 Your Spells              Type           Power      Damage    Failure   Level
a - Necrotise             Necr           100%       1d9       1%          1
b - Vampiric Draining     Necr           33%        2d8       2%          3

Your spell library contained the following spells:

 Spells                   Type           Power      Damage    Failure   Level
 Animate Dead             Necr           33%        N/A       7%          4
 Apportation              Tloc           10%        N/A       19%         1
 Sting                    Conj/Alch      20%        1d4       19%         1
 Summon Small Mammal      Summ           20%        N/A       19%         1
 Curse of Agony           Necr           33%        N/A       21%         5


Dungeon Overview and Level Annotations

Branches:
Dungeon (6/15)             Temple (1/1) D:6

Altars:
Ashenzari
Cheibriados
Dithmenos
Fedhas
Gozag
Hepliaklqana
Makhleb
Nemelex Xobeh
Okawaru
Qazlal
Ru
Sif Muna
Trog
Vehumet
Wu Jian
Yredelemnul

Shops:
D:3 (

Annotations:
D:4 Menkaure


Innate Abilities, Weirdness & Mutations

You have claws for hands.
You regenerate magic rapidly.
You have a small tail.
You are very frail. (-20% HP)
Your natural rate of healing is unusually fast.
You have hidden genetic potential.


Message History

Aiming: Vampiric Draining (dangerous; 2% risk of failure)
Press: ? - help, Shift-Dir - straight line, f/p - cyclops
Aim: a cyclops, quivering large rocks (heavily wounded)
You draw life force from the cyclops.
You feel life coursing into your body. The wyvern zombie closely misses you.
The cyclops hits you!!
* * * LOW HITPOINT WARNING * * *
The wyvern zombie completely misses you.
Casting: Vampiric Draining (dangerous; 2% risk of failure)
Confirm with . or Enter, or press ? or * to list all spells.
Aiming: Vampiric Draining (dangerous; 2% risk of failure)
Press: ? - help, Shift-Dir - straight line, f/p - cyclops
Aim: a cyclops, quivering large rocks (severely wounded)
You draw life force from the cyclops!
You feel life coursing into your body. The wyvern zombie bites you!
* * * LOW HITPOINT WARNING * * *
An iguana comes into view.
The cyclops barely misses you.
Casting: Vampiric Draining (dangerous; 2% risk of failure)
Confirm with . or Enter, or press ? or * to list all spells.
You don't have enough magic to cast this spell.
The iguana hisses angrily.
You hit the cyclops but do no damage.
The cyclops writhes in agony.
The cyclops is almost dead.
The wyvern zombie bites you but does no damage.
You hit the cyclops.
You kill the cyclops!
The wyvern zombie bites you but does no damage.
The wyvern zombie bites you.
* * * LOW HITPOINT WARNING * * *
Your Fighting skill increases to level 5!
The wyvern zombie attacks as it pursues you!
The wyvern zombie closely misses you.
The wyvern zombie attacks as it pursues you!
The wyvern zombie barely misses you. The wyvern zombie bites you!
* * * LOW HITPOINT WARNING * * *
The wyvern zombie bites you.
* * * LOW HITPOINT WARNING * * *
The wyvern zombie attacks as it pursues you!
The wyvern zombie bites you!
You die...

#...#.#.......# #..
#..........##.# #.#
##...##.##.#..# #.#
###l##.##.#.####.######
#######....##.#C# #........
#..........##.#.###.#......
#######....##.#.)...#......
#.........Z##.#..####......
#######...@##.#### ###....
######....#### ##c..
#...##....# #...
######...##....# ....
#...##...##....### .#...
#._.##...##....#.## C##...
#...#....##.(.<...# ## ....
##.##....###.##..## ###.
#'##....###.#..## .


You could see an iguana and a wyvern zombie.

Vanquished Creatures
  A cyclops (D:6)
  Sigmund (D:2)
  A water moccasin (D:5)
  An ice beast (D:5)
  A sky beast (D:6)
  2 ogres
  A centaur (D:6)
  A phantom (D:6)
  Blork the orc (D:5)
  3 scorpions
  A wyvern zombie (D:6)
  3 hounds (D:6)
  3 jellies
  A bombardier beetle (D:2)
  2 orc priests
  Crazy Yiuf (D:2)
  Terence (D:2)
  An iguana (D:4)
  A howler monkey zombie (D:6)
  3 adders
  A dart slug (D:4)
  11 orcs
  7 ball pythons
  7 endoplasms
  3 giant cockroaches
  10 goblins
  6 hobgoblins
  7 jackals
  7 kobolds
  3 quokkas
  4 bats
  A frilled lizard (D:1)
  2 rats (D:3)
99 creatures vanquished.

Vanquished Creatures (collateral kills)
  2 adders
  An orc (D:3)
  A hobgoblin (D:2)
  A rat (D:1)
5 creatures vanquished.

Grand Total: 104 creatures vanquished

Notes
Turn   | Place    | Note
-------+----------+-------------------------------------------
     0 | D:1      | PaiMei the Demonspawn Necromancer began the quest for the
                  | Orb.
     0 | D:1      | Reached XP level 1. HP: 13/13 MP: 3/3
    67 | D:1      | Found a faded altar of an unknown god.
   270 | D:1      | Discovered your monstrous ancestry.
   270 | D:1      | Gained mutation: You have sharp fingernails. [demonic
                  | ancestry]
   270 | D:1      | Reached XP level 2. HP: 19/19 MP: 0/5
   969 | D:2      | Gained mutation: You have very sharp fingernails. [demonic
                  | ancestry]
   969 | D:2      | Reached XP level 3. HP: 21/24 MP: 1/6
   973 | D:2      | Learned a level 3 spell: Vampiric Draining
  1134 | D:2      | Noticed Terence
  1139 | D:2      | Killed Terence
  1248 | D:2      | Gained mutation: You regenerate magic rapidly. [demonic
                  | ancestry]
  1248 | D:2      | Reached XP level 4. HP: 31/31 MP: 5/7
  1408 | D:2      | Found a runed translucent door.
  1409 | D:2      | Noticed Crazy Yiuf
  1614 | D:2      | Noticed Sigmund
  1806 | D:2      | Reached skill level 1 in Fighting
  1806 | D:2      | Reached skill level 5 in Necromancy
  2065 | D:3      | You fall into a shaft and drop 1 floor!
  2097 | D:4      | Reached XP level 5. HP: 31/37 MP: 2/9
  2452 | D:4      | Noticed Menkaure
  2525 | D:3      | Found a blossoming altar of Fedhas.
  2534 | D:3      | Found Dogaesmo's Antique Weapon Shoppe.
  2891 | D:3      | Found a shadowy altar of Dithmenos.
  2945 | D:3      | Found a radiant altar of Vehumet.
  2946 | D:3      | Found a sparkling altar of Nemelex Xobeh.
  2986 | D:3      | Found an ornate altar of the Wu Jian Council.
  3079 | D:2      | Killed Sigmund
  3080 | D:2      | Gained mutation: You have claws for hands. [demonic
                  | ancestry]
  3080 | D:2      | Reached XP level 6. HP: 46/46 MP: 1/11
  3234 | D:2      | Killed Crazy Yiuf
  3475 | D:4      | Reached skill level 6 in Necromancy
  3475 | D:4      | Gained mutation: You have a small tail. [demonic ancestry]
  3475 | D:4      | Reached XP level 7. HP: 52/52 MP: 8/12
  3844 | D:5      | Entered Level 5 of the Dungeon
  3907 | D:5      | Noticed Blork the orc
  4449 | D:5      | Found a broken altar of Ashenzari.
  4588 | D:5      | Found a bloodstained altar of Trog.
  4904 | D:6      | Found a staircase to the Ecumenical Temple.
  5178 | D:6      | Reached XP level 8. HP: 49/60 MP: 3/15
  5185 | D:6      | Gained mutation: You are frail. (-10% HP) [potion of
                  | mutation]
  5185 | D:6      | Gained mutation: You have hidden genetic potential. [potion
                  | of mutation]
  5185 | D:6      | Gained mutation: You are very frail. (-20% HP) [potion of
                  | mutation]
  5185 | D:6      | Gained mutation: Your natural rate of healing is unusually
                  | fast. [potion of mutation]
  5439 | D:6      | Found an iron altar of Okawaru.
  5527 | D:6      | Reached skill level 7 in Necromancy
  5686 | D:6      | Reached skill level 5 in Spellcasting
  5874 | Temple   | Entered the Ecumenical Temple
  5906 | D:6      | Reached skill level 5 in Dodging
  5927 | D:6      | Noticed a cyclops
  6257 | D:5      | Killed Blork the orc
  6533 | D:6      | Found an opulent altar of Gozag.
  6577 | D:6      | Killed a cyclops
  6578 | D:6      | Reached skill level 5 in Fighting
  6586 | D:6      | Slain by a wyvern zombie

Illustrated notes

Levels and vault maps discovered:
D:1:      elethiomel_arrival_maze, layout_rooms, basic_ecumenical_altar
D:2:      minmay_chambers_of_twos, layout_basic, uniq_crazy_yiuf_cottage,
          uniq_terence, uniq_sigmund
D:3:      layout_rooms, mainiacjoe_overflow_alcove_4, nzn_wu_jian_council_hall,
          chequers_temple_overflow_statue_of_worship,
          mainiacjoe_overflow_chevrons, serial_shops, shop
D:4:      layout_basic, uniq_menkaure
D:5:      layout_loops_ring, mainiacjoe_overflow_24_doors,
          nicolae_overflow_crystal_walls, uniq_blork_the_orc
D:6:      layout_basic, pdpol_temple_overflow_zin_treasury_gozag_greed,
          mainiacjoe_overflow_concentric_impassable, marbit_many_paths,
          minmay_temple_entry_grid, serial_undead, serial_undead_a,
          serial_undead_d, serial_undead_d, serial_undead_e
Temple:   hellmonk_temple_two_chambers

Skill      XL: |  1  2  3  4  5  6  7  8 |
---------------+-------------------------+-----
Stealth        | 2 |  2.3
Dodging        | 2 3 4 5 |  5.6
Fighting       | 1 2 3 4 5 |  5.3
Necromancy     | 5 6 7 |  7.7
Spellcasting   | 3 4 5 |  5.6

Action                     |  1- 3 |  4- 6 |  7- 9 || total
---------------------------+-------+-------+-------++-------
  Melee: Dagger            |    17 |    23 |    73 ||   113
         Unarmed           |     1 |       |       ||     1
         Tailslap          |       |       |    13 ||    13
   Cast: Necrotise         |    49 |    88 |    50 ||   187
         Vampiric Draining |       |     9 |    31 ||    40
    Use: Potion            |       |       |     3 ||     3
         Scroll            |       |       |     1 ||     1
   Stab: Sleeping          |     1 |       |       ||     1
 Armour: Robe              |    17 |    46 |     8 ||    71
         Leather armour    |       |       |    75 ||    75
  Dodge: Dodged            |    27 |    42 |    72 ||   141
